 Dungeon Crawl Stone Soup version 0.32-a0-814-g0968bab981 (webtiles) character file.

Game seed: 6385299100992499176

2480 wilfster70 the Grappler (level 9, 0/89 HPs)
             Began as a Troll Monk on Mar 22, 2024.
             Was an Initiate of Gozag.
             Slain by a gnoll
             ... wielding a +1 spear of flaming
              (2 damage)
             ... on level 7 of the Dungeon.
             The game lasted 00:14:57 (5322 turns).

wilfster70 the Grappler (Troll Monk)                Turns: 5322, Time: 00:14:58

Health: 0/89       AC:  5    Str: 21    XL:     9   Next: 27%
Magic:  8/8        EV: 11    Int: 10    God:    Gozag
Gold:   478        SH:  0    Dex: 15    Spells: 8/8 levels left

rFire   . .          .
                       - Unarmed
rCold   . . .        (no shield)
rNeg    + + .        a - +1 robe
rPois   .            (helmet restricted)
rElec   .            l - scarf {shadows}
rCorr   .            (gloves unavailable)
SInv    .            (boots unavailable)
Will    .....        o - amulet "Tihopussi" {Acrobat rN+ Dex+3}
Stlth   +            p - ring of positive energy
HPRegen 1.14/turn    (no ring)
MPRegen 0.11/turn

%: acrobat
@: lethally poisoned (0 -> -23)
A: large, unfitting armour, claws 3, regeneration 1, shaggy fur 1, tough skin 1
a: Renounce Religion, Potion Petition, Call Merchant, Bribe Branch


You were on level 7 of the Dungeon.
You worshipped Gozag.
Gozag was aware of your devotion.
You visited 2 branches of the dungeon, and saw 8 of its levels.
You also visited: Ossuary.

You collected 583 gold pieces.
You spent 105 gold pieces at shops.

Inventory:

Hand Weapons
 b - the +9 whip of the Shining Light {freeze, Will+ Str+2}
   (You found it on level 6 of the Dungeon)

   Str+2:     It affects your strength (+2).
   Will+:     It increases your willpower.
Armour
 a - a +1 robe (worn)
 l - a scarf of shadows (worn)
Jewellery
 o - the amulet "Tihopussi" (around neck) {Acrobat rN+ Dex+3}
   (You bought it in a shop on level 3 of the Dungeon)

   [amulet of the acrobat]

   Acrobat:   It increases your evasion while moving and waiting.
   Dex+3:     It affects your dexterity (+3).
   rN+:       It protects you from negative energy.
 p - a ring of positive energy (left claw)
 A - a +6 ring of intelligence
Wands
 d - a wand of flame (13)
Scrolls
 e - 2 scrolls of fog
 g - a scroll of blinking
 k - 2 scrolls of silence
 n - 2 scrolls of teleportation
Potions
 c - 4 potions of curing
 f - 3 potions of brilliance
 h - 3 potions of mutation
 i - 4 potions of might
 m - 4 potions of enlightenment
 q - a potion of resistance
 u - a potion of lignification {unknown}
 v - a potion of attraction {unknown}
 y - 3 potions of ambrosia
 B - a potion of haste {unknown}
Miscellaneous
 z - a phial of floods


   Skills:
 + Level 5.7 Fighting
 + Level 5.7 Dodging
 * Level 9.5 Unarmed Combat


You had 8 spell levels left.
You didn't know any spells.
Your spell library contained the following spells:

 Spells                   Type           Power      Damage    Failure   Level
 Magic Dart               Conj           0%         1d3       36%         1
 Blink                    Tloc           0%         N/A       50%         2
 Call Imp                 Summ           0%         N/A       50%         2
 Ensorcelled Hibernation  Hex/Ice        0%         N/A       50%         2
 Call Canine Familiar     Summ           0%         N/A       75%         3
 Fugue of the Fallen      Necr           0%         N/A       75%         3
 Ozocubu's Armour         Ice            0%         N/A       75%         3
 Passwall                 Erth           0%         N/A       75%         3
 Sigil of Binding         Hex            0%         N/A       75%         3
 Swiftness                Air            0%         N/A       75%         3
 Dimensional Bullseye     Hex/Tloc       0%         N/A       98%         4
 Manifold Assault         Tloc           0%         N/A       98%         4


Dungeon Overview and Level Annotations

Branches:
Dungeon (7/15)             Temple (1/1) D:6         Ossuary (visited)

Altars:
Ashenzari
Cheibriados
Dithmenos
Elyvilon
Fedhas
Gozag
Hepliaklqana
Kikubaaqudgha
Makhleb
Nemelex Xobeh
Okawaru
Qazlal
Ru
Sif Muna
Trog
Uskayaw
Vehumet
Wu Jian
Xom
Yredelemnul
Zin
The Shining One

Shops:
D:2 [   D:3 *   D:5 :


Innate Abilities, Weirdness & Mutations

You are too large for most types of armour.
You have claws for hands.
Your natural rate of healing is unusually fast.
You are covered in fur. (AC +1)
You have tough skin. (AC +1)


Message History

You feel better. The orc hits you with a +0 trident.
* * * LOW HITPOINT WARNING * * *
The gnoll sergeant barely misses you.
The gnoll hits you from afar with a +0 halberd.
* * * LOW HITPOINT WARNING * * *
The orc priest hits you but does no damage.
The gnoll hits you from afar with a +1 spear of flaming.
* * * LOW HITPOINT WARNING * * *
The gnoll burns you.
* * * LOW HITPOINT WARNING * * *
Blink to where?
Press: ? - help, Dir - move target
As you read the scroll of blinking, it crumbles to dust.
A gnoll bouda comes into view. It is wielding a +0 quarterstaff.
You feel much better. The gnoll bouda closely misses you.
You closely miss the gnoll bouda. The gnoll bouda barely misses you.
You claw the gnoll bouda!
The gnoll bouda is severely wounded.
The gnoll sergeant hits you from afar with a +2 spear of venom!
You are poisoned.
You scratch the gnoll bouda but do no damage.
The gnoll bouda is severely wounded.
You feel very sick. The gnoll bouda closely misses you.
The gnoll hits you from afar with a +1 spear of flaming!
* * * LOW HITPOINT WARNING * * *
The gnoll burns you.
* * * LOW HITPOINT WARNING * * *
You scratch the gnoll bouda but do no damage.
The gnoll bouda is severely wounded.
You feel very sick.
The gnoll sergeant hits you from afar with a +2 spear of venom!
* * * LOW HITPOINT WARNING * * *
You are lethally poisoned!
The gnoll bouda hits you with a +0 quarterstaff!
* * * LOW HITPOINT WARNING * * *
The gnoll hits you from afar with a +1 spear of flaming.
You die...
Your body crumbles into a pile of gold.

.......###.(......
#..#...###.<.$$...
#.##..#.......... .
##.!..oo...)[.....
..
##....g.......####.
...##.......?......#
#.......go........##
#......g..#......#
#...g@.####......#
#....#### #..#.....
.... ##.##...# ...
## ... #. #


You could see a gnoll sergeant, a gnoll bouda, 2 orc priests, 2 gnolls and an
orc.

Vanquished Creatures
  Menkaure (D:5)
  A water moccasin (D:6)
  An acid dragon (D:6)
  A sky beast (D:6)
  2 black bears (D:6)
  3 ogres
  A centaur (D:7)
  A phantom (D:4)
  A weeping skull (Ossuary)
  A scorpion (D:4)
  3 gnoll sergeants
  A bullfrog (D:5)
  A wight (D:4)
  2 burial acolytes (Ossuary)
  A killer bee (D:4)
  A howler monkey (D:4)
  2 centaur zombies (Ossuary)
  6 hounds
  2 bombardier beetles (D:4)
  A gnoll bouda (D:6)
  3 iguanas (D:5)
  2 orc wizards
  A hound zombie (Ossuary)
  2 mummies (Ossuary)
  17 gnolls
  7 adders
  A shadow imp (D:6)
  5 dart slugs
  2 ribbon worms (D:2)
  13 orcs
  4 bats
  7 endoplasms
  2 giant cockroaches (D:2)
  6 gnoll zombies (Ossuary)
  4 goblins
  4 hobgoblins
  4 jackals
  6 quokkas
  11 ball pythons
  5 frilled lizards
  9 kobolds
  A kobold zombie (D:4)
  6 orc zombies (Ossuary)
  2 rats (D:1)
  A rat zombie (D:4)
158 creatures vanquished.

Notes
Turn   | Place    | Note
-------+----------+-------------------------------------------
     0 | D:1      | wilfster70 the Troll Monk began the quest for the Orb.
     0 | D:1      | Reached XP level 1. HP: 22/22 MP: 0/0
   176 | D:1      | Reached XP level 2. HP: 29/29 MP: 1/1
   845 | D:2      | Reached XP level 3. HP: 24/36 MP: 2/2
   999 | D:2      | Found Osmuluta's Antique Armour Emporium.
  1012 | D:2      | Reached skill level 4 in Unarmed Combat
  1094 | D:2      | Found a shimmering altar of Xom.
  1161 | D:3      | Found Gafola's Assorted Antiques.
  1171 | D:3      | Reached XP level 4. HP: 44/44 MP: 3/3
  1199 | D:3      | Found a faded altar of an unknown god.
  1688 | D:3      | Identified the +0 rapier of Wariness {pain, rPois rN+ Will+
                  | rCorr}
  1770 | D:3      | Reached XP level 5. HP: 53/53 MP: 4/4
  1815 | D:3      | Bought a coiled emerald amulet for 105 gold pieces
  1815 | D:3      | Identified the amulet "Tihopussi" {Acrobat rN+ Dex+3} (You
                  | bought it in a shop on level 3 of the Dungeon)
  2102 | D:4      | Noticed an ogre
  2109 | D:4      | Killed an ogre
  2110 | D:4      | Reached skill level 5 in Unarmed Combat
  2110 | D:4      | Reached XP level 6. HP: 24/61 MP: 5/5
  2116 | D:4      | Found a hide-covered altar of Uskayaw.
  2116 | D:4      | Found a stormy altar of Qazlal.
  2259 | D:4      | Found a sand-covered staircase.
  2274 | Ossuary  | Entered an ossuary
  2452 | Ossuary  | Reached skill level 6 in Unarmed Combat
  2515 | Ossuary  | Reached XP level 7. HP: 60/68 MP: 6/6
  2734 | D:4      | Found a large runed translucent door.
  2735 | D:4      | Found a large runed translucent door.
  2776 | D:4      | Found a large runed translucent door.
  2776 | D:4      | Found a large runed translucent door.
  2906 | D:4      | Reached skill level 7 in Unarmed Combat
  3004 | D:4      | Reached XP level 8. HP: 79/79 MP: 7/7
  3393 | D:5      | Entered Level 5 of the Dungeon
  3672 | D:5      | Noticed Menkaure
  3678 | D:5      | Killed Menkaure
  3743 | D:5      | Found Ycobad's Self-Published Books.
  4005 | D:6      | Reached skill level 5 in Fighting
  4005 | D:6      | Reached skill level 5 in Dodging
  4005 | D:6      | Reached skill level 8 in Unarmed Combat
  4068 | D:6      | Identified the +9 whip of the Shining Light {freeze, Will+
                  | Str+2}
  4156 | D:6      | HP: 4/80 [poisoned by a water moccasin]
  4400 | D:6      | Found a staircase to the Ecumenical Temple.
  4408 | Temple   | Entered the Ecumenical Temple
  4470 | Temple   | Became a worshipper of Gozag Ym Sagoz the Greedy
  4576 | D:6      | Reached XP level 9. HP: 59/88 MP: 8/8
  4930 | D:7      | Reached skill level 9 in Unarmed Combat
  5322 | D:7      | HP: 2/89 [gnoll bouda/+0 quarterstaff (8)]
  5322 | D:7      | Slain by a gnoll

Illustrated notes

Levels and vault maps discovered:
D:1:      dpeg_arrival_tiny_i, layout_loops_ring, serial_forest,
          infiniplex_forest_clump_long, infiniplex_forest_lined_room_2,
          infiniplex_forest_end_2, infiniplex_forest_clump_long,
          infiniplex_forest_side_room, infiniplex_forest_corner_2,
          infiniplex_forest_lined_4_way, infiniplex_forest_straight_3,
          infiniplex_forest_clump_small
D:2:      layout_rooms, serial_shops, shop, basic_altar
D:3:      layout_basic, serial_shops, nicolae_shop_tiny_statue_garden,
          ebering_ecumenical_altar_abandoned, minmay_misc_feat_doors,
          minmay_pentangle
D:4:      layout_basic, nicolae_overflow_two_pavilions, enter_ossuary_3,
          serial_aquarium, aquarium_bridge_straight [aquarium_subvault_bridge,
          aquarium_subvault_window, aquarium_subvault_bridge,
          aquarium_subvault_balcony], aquarium_bridge_straight
          [aquarium_subvault_bridge, aquarium_subvault_window,
          aquarium_subvault_bridge, aquarium_subvault_balcony],
          aquarium_window_fake, aquarium_window_corner, aquarium_window_3,
          aquarium_view_2d, aquarium_pool_corner, minmay_hollow_rounded_squares
D:5:      layout_basic, nicolae_custom_books, uniq_menkaure
D:6:      layout_basic, temple_hall, st_stairs_12
D:7:      layout_cave_pools, serial_gnoll_camp, gnoll_camp_medium_01,
          gnoll_camp_mini_hut, gnoll_camp_huts_basic, gnoll_camp_mini_basic
Temple:   mainiacjoe_temple_big_plus

Skill      XL: |  1  2  3  4  5  6  7  8  9 |
---------------+----------------------------+-----
Unarmed Combat | 4 5 6 7 8 9 |  9.5
Fighting       | 3 4 5 |  5.7
Dodging        | 3 4 5 |  5.7

Action                     |  1- 3 |  4- 6 |  7- 9 || total
---------------------------+-------+-------+-------++-------
  Melee: Unarmed           |    90 |   132 |   217 ||   439
         Punch             |       |     6 |    16 ||    22
    Use: Scroll            |     3 |    10 |     7 ||    20
         Potion            |       |       |     5 ||     5
   Stab: Sleeping          |       |     2 |     3 ||     5
 Armour: Robe              |    48 |    66 |   209 ||   323
  Dodge: Dodged            |    28 |    72 |   205 ||   305

Table legend: (Time is in decaauts)
 A = Elapsed time spent in this place.
 B = Non-inter-level travel time spent in this place.
 C = Inter-level travel time spent in this place.
 D = Time resting spent in this place.
 E = Time spent auto-exploring this place.
 F = Levels seen in this place.
 G = Mean time per level.
                   A        B        C        D        E       F      G
               +--------+--------+--------+--------+--------+-----+--------+
         Total |   5279 |   5125 |    154 |    366 |   2399 |   9 |  586.6 |
       Dungeon |   4837 |   4713 |    124 |    366 |   2399 |   7 |  691.0 |
        Temple |     92 |     62 |     30 |      0 |      0 |   1 |   92.0 |
       Ossuary |    349 |    349 |      0 |      0 |      0 |   1 |  349.0 |
               +--------+--------+--------+--------+--------+-----+--------+

Top non-repeatable levels by time:
     D:6: 1210 daAuts
     D:4: 992 daAuts
     D:3: 888 daAuts
     D:1: 844 daAuts
     D:5: 540 daAuts
 Ossuary: 349 daAuts
     D:2: 294 daAuts
  Temple: 92 daAuts
     D:7: 66 daAuts
